 Dungeon Crawl Stone Soup version 0.32-a0-699-g1ee5eff69a (webtiles) character file.

Game seed: 10861479625869613398

291 Aldia the Apothecary (level 6, 0/41 HPs)
             Began as an Octopode Alchemist on Mar 13, 2024.
             Slain by an ice beast (7 damage)
             ... on level 4 of the Dungeon.
             The game lasted 00:06:17 (3259 turns).

Aldia the Apothecary (Octopode Alchemist)           Turns: 3259, Time: 00:06:18

Health: 0/41       AC:  1    Str:  7    XL:     6   Next: 32%
Magic:  7/10       EV: 12    Int: 19    God:
Gold:   186        SH:  0    Dex: 13    Spells: 1/11 levels left

rFire   . . .        b - +0 dagger
rCold   . . .        (no shield)
rNeg    . . .        (helmet restricted)
rPois   .            (no amulet)
rElec   .            (no ring)
rCorr   .            (no ring)
SInv    .            (no ring)
Will    .....        (no ring)
Stlth   +++          (no ring)
HPRegen 0.26/turn    (no ring)
MPRegen 0.12/turn    (no ring)
                     (no ring)

%: no passive effects
@: about to teleport, very slightly contaminated
A: almost no armour, amphibious, 8 rings, camouflage 1, gelatinous body 1,
(nimble swimmer 1), tentacles
a: no special abilities


You were on level 4 of the Dungeon.
You visited 1 branch of the dungeon, and saw 4 of its levels.

You collected 186 gold pieces.

Inventory:

Hand Weapons
 b - a +0 dagger (weapon)
 n - a +2 flail of protection
Missiles
 d - 9 curare-tipped darts
 m - a throwing net
Wands
 t - a wand of iceblast (8)
Scrolls
 e - a scroll of silence {unknown}
 f - a scroll of torment
 h - a scroll of revelation {unknown}
 k - a scroll of enchant armour
 l - a scroll of fear {unknown}
 p - a scroll of fog {unknown}
 q - a scroll of amnesia {unknown}
 s - a scroll of enchant weapon {unknown}
 u - a scroll of brand weapon {unknown}
 v - 2 scrolls of teleportation
Potions
 a - a potion of magic
 c - a potion of brilliance
 g - 2 potions of curing
 i - a potion of resistance
 j - a potion of invisibility
 o - a potion of attraction
 r - 2 potions of degeneration {unknown}


   Skills:
 + Level 2.4 Fighting
 - Level 2.0 Dodging
 - Level 3.0 Stealth
 + Level 3.1 Spellcasting
 - Level 2.0 Conjurations
 - Level 2.0 Air Magic
 * Level 5.1 Alchemy


You had one spell level left.
You knew the following spells:

 Your Spells              Type           Power      Damage    Failure   Level
a - Sting                 Conj/Alch      64%        1d7       3%          1
b - Mercury Vapours       Alch/Air       32%        N/A       5%          2
c - Mephitic Cloud        Conj/Alch/Air  14%        N/A       13%         3
d - Olgreb's Toxic Radia  Alch           22%        N/A       19%         4

Your spell library contained the following spells:

 Spells                   Type           Power      Damage    Failure   Level
 Magic Dart               Conj           40%        1d5       7%          1
 Blink                    Tloc           6%         N/A       22%         2
 Call Imp                 Summ           6%         N/A       22%         2
 Sticky Flame             Fire/Alch      12%        2d5       45%         4


Dungeon Overview and Level Annotations

Branches:
Dungeon (4/15)
 Temple: D:4-7

Altars:
Dithmenos
Makhleb
Qazlal
Wu Jian
Xom

Annotations:
D:2 exclusions: 2 orcs and orc priest
D:4 3 runed translucent doors, BeKind's ghost, novice OpIE; Gryn's ghost, weakling GnDe; Menkaure; avangion's ghost, amateur CoHu


Innate Abilities, Weirdness & Mutations

You cannot wear most types of armour.
You are amphibious.
You can wear up to eight rings at the same time.
Your skin changes colour to match your surroundings (Stealth+).
Your rubbery body absorbs attacks. (AC +1, EV +1)
((You are camouflaged when in or above water. (Stealth+)))
You have tentacles for arms and can constrict up to eight enemies at once.


Message History

v - 3 scrolls labelled VEOBEA GOTWICA You now have 186 gold pieces (gained 8).
Found an escape hatch in the floor.
There is an escape hatch in the floor here.
An ice beast comes into view.
An ice beast is nearby! 2 goblins come into view.
Found three items.
The goblin shouts!
You hit the goblin.
You kill the goblin!
The sting hits the ice beast.
The ice beast partially resists.
The ice beast is lightly wounded.
Casting: Sting (safe; 3% risk of failure)
Confirm with . or Enter, or press ? or * to list all spells.
Aiming: Mercury Vapours (safe; 5% risk of failure)
Press: ? - help, Dir - move target, f/p - ice beast
Aim: an ice beast (lightly wounded, chance to weaken: 79%)
You miscast Mercury Vapours.
You are very lightly contaminated with residual magic.
Nothing appears to happen.
The ice beast misses you.
Unknown command.
Unknown command.
You barely miss the ice beast.
The ice beast is lightly wounded.
The ice beast hits you. The ice beast freezes you!
You hit the ice beast but do no damage. You squeeze the ice beast.
The ice beast is moderately wounded.
The ice beast hits you. The ice beast freezes you!
You hit the ice beast but do no damage.
The ice beast is moderately wounded.
The ice beast hits you. The ice beast freezes you!
* * * LOW HITPOINT WARNING * * *
Unknown command.
As you read the scroll labelled VEOBEA GOTWICA, it crumbles to dust.
You feel strangely unstable.
It was a scroll of teleportation.
The ice beast hits you.
* * * LOW HITPOINT WARNING * * *
The ice beast freezes you!
You die...

### #...
..###....# #
#..###...###.##
# ....###.....#
# #.....###...#
# #Y...?g)###.#
# #.?.g.###...#
# #...###....##
# #.###......# #
#..Y@....#.# #
##>###.###.# #
#.# #.....# #
#.# #####.# .
#.# #.# .
###.### #.# ## #
#.....# #.#
#.##.###.#####.#
#....# #.......#


You could see an ice beast.

Vanquished Creatures
  A water moccasin skeleton (D:4)
  An orc priest (D:4)
  2 orc wizards
  4 gnolls (D:2)
  4 adders
  An adder skeleton (D:4)
  3 dart slugs
  A ribbon worm (D:3)
  8 orcs
  A ball python (D:1)
  3 bats
  6 endoplasms
  3 giant cockroaches
  7 goblins
  6 hobgoblins
  5 quokkas
  2 frilled lizards
  8 kobolds
  A quokka zombie (D:4)
  4 rats
71 creatures vanquished.

Notes
Turn   | Place    | Note
-------+----------+-------------------------------------------
     0 | D:1      | Aldia the Octopode Alchemist began the quest for the Orb.
     0 | D:1      | Reached XP level 1. HP: 11/11 MP: 3/3
   109 | D:1      | Reached XP level 2. HP: 17/17 MP: 3/5
   118 | D:1      | Learned a level 2 spell: Mercury Vapours
   555 | D:1      | Reached XP level 3. HP: 22/22 MP: 6/6
   559 | D:1      | Learned a level 3 spell: Mephitic Cloud
  1070 | D:2      | Reached skill level 1 in Air Magic
  1071 | D:2      | Reached skill level 4 in Alchemy
  1074 | D:2      | Reached skill level 1 in Fighting
  1074 | D:2      | Reached XP level 4. HP: 22/28 MP: 1/7
  1784 | D:3      | Reached XP level 5. HP: 26/33 MP: 6/8
  2516 | D:3      | Found a shimmering altar of Xom.
  2582 | D:3      | Found an ornate altar of the Wu Jian Council.
  2582 | D:3      | Found a stormy altar of Qazlal.
  2584 | D:3      | Found an iron altar of Okawaru.
  2584 | D:3      | Found a shadowy altar of Dithmenos.
  2584 | D:3      | Found a burning altar of Makhleb.
  2851 | D:4      | Noticed Menkaure
  2895 | D:4      | Found a runed translucent gate.
  2896 | D:4      | Found a runed translucent gate.
  2896 | D:4      | Found a runed translucent gate.
  2902 | D:4      | Noticed BeKind's ghost (novice OpIE)
  2902 | D:4      | Noticed avangion's ghost (amateur CoHu)
  2902 | D:4      | Noticed Gryn's ghost (weakling GnDe)
  2954 | D:4      | Reached XP level 6. HP: 29/39 MP: 10/10
  2970 | D:4      | Learned a level 4 spell: Olgreb's Toxic Radiance
  3090 | D:4      | Reached skill level 5 in Alchemy
  3246 | D:4      | Noticed an ice beast
  3259 | D:4      | Slain by an ice beast

Illustrated notes

Levels and vault maps discovered:
D:1:      dpeg_arrival_tiny_a, layout_rooms, hangedman_decor_diamond_cutter
D:2:      cheibrodos_pilgrimage, layout_rooms, minmay_randomly_rotated_circles
D:3:      layout_basic, doesnt_xom_only_xom
D:4:      layout_loops_ring, tso_metal_star, minmay_temple_entry_waves,
          gammafunk_ghost_cemetery, serial_undead, serial_undead_f,
          serial_undead_c, serial_undead_c, serial_undead_e, minmay_unequal,
          uniq_menkaure

Skill      XL: |  1  2  3  4  5  6 |
---------------+-------------------+-----
Stealth        | 3 |  3.0
Air Magic      | 1 2 |  2.0
Alchemy        | 4 5 |  5.1
Fighting       | 1 2 |  2.4
Conjurations   | 2 |  2.0
Spellcasting   | 3 |  3.1
Dodging        | |  2.0

Action                     |  1- 3 |  4- 6 || total
---------------------------+-------+-------++-------
  Melee: Dagger            |    28 |    58 ||    86
         Constrict         |     7 |    20 ||    27
         Tentacles         |     3 |    16 ||    19
         Flail             |       |    10 ||    10
   Cast: Sting             |    30 |    54 ||    84
         Mercury Vapours   |     1 |     2 ||     3
         Mephitic Cloud    |     1 |     2 ||     3
    Use: Scroll            |     1 |     7 ||     8
   Stab: Sleeping          |     3 |     3 ||     6
         Confused          |     1 |     2 ||     3
 Armour: Skin              |    11 |    48 ||    59
  Dodge: Dodged            |    15 |    40 ||    55

Table legend: (Time is in decaauts)
 A = Elapsed time spent in this place.
 B = Non-inter-level travel time spent in this place.
 C = Inter-level travel time spent in this place.
 D = Time resting spent in this place.
 E = Time spent auto-exploring this place.
 F = Levels seen in this place.
 G = Mean time per level.
                   A        B        C        D        E       F      G
               +--------+--------+--------+--------+--------+-----+--------+
         Total |   3262 |   3179 |     83 |      0 |   2574 |   4 |  815.5 |
       Dungeon |   3262 |   3179 |     83 |      0 |   2574 |   4 |  815.5 |
               +--------+--------+--------+--------+--------+-----+--------+

Top non-repeatable levels by time:
     D:3: 1309 daAuts
     D:1: 747 daAuts
     D:2: 733 daAuts
     D:4: 471 daAuts
